 Dungeon Crawl Stone Soup version 0.31-a0-675-g238779eb0a (webtiles) character file.

Game seed: 11133298083111968277

39 lunkers the Ruffian (level 3, 0/28 HPs)
             Began as a Meteoran Shapeshifter on Sept 5, 2023.
             Slain by a goblin
             ... wielding a +0 dagger
             ... led by Robin
              (5 damage)
             ... on level 1 of the Dungeon.
             The game lasted 00:00:38 (306 turns).

lunkers the Ruffian (Meteoran Shapeshifter)          Turns: 306, Time: 00:00:38

Health: 0/28       AC:  2    Str: 16    XL:     3   Next: 97%
Magic:  4/4        EV: 12    Int: 11    God:
Gold:   26         SH:  0    Dex: 15    Spells: 2/2 levels left

rFire   . .          .
                       - Unarmed
rCold   . . .        (no shield)
rNeg    . . .        a - +0 animal skin
rPois   .            (helmet currently unavailable)
rElec   .            (cloak currently unavailable)
rCorr   .            (gloves currently unavailable)
SInv    .            (boots currently unavailable)
Will    .....        (no amulet)
Stlth   +            (no ring)
HPRegen 0.24/turn    (no ring)
MPRegen 0.09/turn

%: no passive effects
@: beast-form, glowing
A: beast (slay +2), sense surroundings 1, otherworldly, glowing, explore regen
a: Begin Untransformation


You were on level 1 of the Dungeon.
You were a hulking beast.
You visited 1 branch of the dungeon, and saw 2 of its levels.

You collected 26 gold pieces.

Inventory:

Armour
 a - a +0 animal skin (worn)
Talismans
 c - a beast talisman (active)
 d - a flux talisman
Scrolls
 e - a scroll of poison {unknown}
 i - a scroll of fog {unknown}
 j - a scroll of identify {unknown}
Potions
 b - a potion of lignification
 f - a potion of resistance {unknown}
 g - a potion of heal wounds {unknown}
 h - a potion of curing {unknown}


   Skills:
 - Level 1.1 Fighting
 - Level 2.1 Dodging
 * Level 4.8 Unarmed Combat
 + Level 4.1 Shapeshifting


You had 2 spell levels left.
You didn't know any spells.
Your spell library was empty.

Dungeon Overview and Level Annotations

Branches:
Dungeon (2/15) Zot: 895

Altars:

Annotations:
D:2 Robin


Innate Abilities, Weirdness & Mutations

You are a hulking beast.
Your limbs bulge with bestial killing power. (Slay +2)
You passively map a small area around you.
You are easily found by Zot.
You glow in the dark.
You regain HP and MP as you explore.


Message History

Robin of the Strong Arm comes into view.
They are wielding a +0 mace.
There are monsters nearby!
A goblin comes into view. It is wielding a +0 club.
Robin throws the goblin at you!
You punch the goblin!
You kill the goblin!
There are monsters nearby!
You punch the hobgoblin!
You kill the hobgoblin!
The goblin hits you with a +0 club.
Robin roars a battlecry!
The goblins go into a battle-frenzy!
A kobold comes into view. It is wielding a +0 dagger.
The kobold shouts!
You hear a shout!
The adder attacks as it pursues you! The adder completely misses you.
You closely miss the goblin. The adder barely misses you.
The goblin closely misses you. Robin throws the goblin at you!
The goblin misses you. The goblin hits you with a +0 dagger.
The adder barely misses you. The goblin hits you but does no damage.
The goblin hits you with a +0 dagger.
* * * LOW HITPOINT WARNING * * *
The adder attacks as it pursues you! The adder bites you.
* * * LOW HITPOINT WARNING * * *
The adder bites you.
* * * LOW HITPOINT WARNING * * *
The adder attacks as it pursues you! The adder bites you.
* * * LOW HITPOINT WARNING * * *
There is a stone staircase leading up here.
The goblin hits you with a +0 dagger.
* * * LOW HITPOINT WARNING * * *
You climb upwards.
There is a stone staircase leading down here.
Unknown command.
You closely miss the goblin. The goblin hits you with a +0 dagger.
* * * LOW HITPOINT WARNING * * *
Unknown command.
You miss the goblin. The goblin barely misses you.
The goblin hits you with a +0 dagger.
You die...

#..# ##.....†..#.....)....#
####..# #..##########........#
..##..# ##.## #...#.....##
#.##..###..#########.###....##
#................#...##..####
........................##
...................######
...#...........g.######
.......#.......gh.....###########
......##.........................
......................##>........
.......#..............##.........
.##....#..............##.........
####... #####.##......##.........
. ... #........###......... . ,
..* #........# #......... ## ,*
#.......>#####..#####


You could see 2 goblins.

Vanquished Creatures
  3 adders
  A ball python (D:1)
  2 endoplasms (D:1)
  2 goblins
  A hobgoblin (D:2)
  A kobold (D:1)
  A quokka (D:1)
  A frilled lizard (D:2)
  A rat (D:2)
13 creatures vanquished.

Notes
Turn   | Place    | Note
-------+----------+-------------------------------------------
     0 | D:1      | lunkers the Meteoran Shapeshifter began the quest for the
                  | Orb.
     0 | D:1      | Reached XP level 1. HP: 16/16 MP: 2/2
    72 | D:1      | Reached XP level 2. HP: 23/23 MP: 3/3
   250 | D:2      | Reached XP level 3. HP: 27/28 MP: 4/4
   289 | D:2      | Noticed Robin
   306 | D:1      | Slain by a goblin

Illustrated notes

Levels and vault maps discovered:
D:1:      heliophobic_arrival_ceremonial_halls, layout_rooms
D:2:      cheibrodos_pilgrimage, layout_rooms, minmay_tromino_i2, uniq_robin,
          uniq_crazy_yiuf_cottage

Skill      XL: |  1  2  3 |
---------------+----------+-----
Unarmed Combat | 4 |  4.8
Shapeshifting  | 4 |  4.1
Fighting       | |  1.1
Dodging        | |  2.1

Action                     || total
---------------------------++-------
  Melee: Unarmed           ||    38
         Punch             ||     1
 Armour: Animal skin       ||    29
  Dodge: Dodged            ||    29

Table legend: (Time is in decaauts)
 A = Elapsed time spent in this place.
 B = Non-inter-level travel time spent in this place.
 C = Inter-level travel time spent in this place.
 D = Time resting spent in this place.
 E = Time spent auto-exploring this place.
 F = Levels seen in this place.
 G = Mean time per level.
                   A        B        C        D        E       F      G
               +--------+--------+--------+--------+--------+-----+--------+
         Total |    304 |    277 |     27 |      0 |    169 |   2 |  152.0 |
       Dungeon |    304 |    277 |     27 |      0 |    169 |   2 |  152.0 |
               +--------+--------+--------+--------+--------+-----+--------+

Top non-repeatable levels by time:
     D:1: 264 daAuts
     D:2: 39 daAuts
